 Dungeon Crawl Stone Soup version 0.26-a0-778-g3fe0686644 (webtiles) character file.

Game seed: 11009456827532477716

1541 mg7810 the Caller (level 8, 0/44 HPs)
             Began as a Deep Elf Summoner on Nov 7, 2020.
             Was an Elder of Nemelex Xobeh.
             Slain by a wight
             ... wielding a +3 spear of freezing
              (5 damage)
             ... on level 8 of the Dungeon on Nov 9, 2020.
             The game lasted 00:47:10 (8453 turns).

mg7810 the Caller (Deep Elf Summoner)               Turns: 8453, Time: 00:47:11

Health: 0/44       AC:  3    Str:  4    XL:     8   Next: 56%
Magic:  8/19       EV: 13    Int: 22    God:    Nemelex Xobeh [****..]
Gold:   425        SH:  0    Dex: 15    Spells: 2/19 levels left

rFire    . . .     SeeInvis .   v - +2 scimitar (elec)
rCold    . . .     Faith    .   (no shield)
rNeg     + . .     Spirit   .   a - +0 robe
rPois    .         Reflect  .   (no helmet)
rElec    .         Harm     .   G - scarf {shadows}
rCorr    .         Rampage  .   (no gloves)
MR       .....                  u - +0 pair of boots
Stlth    ++........             s - amulet of regeneration
HPRegen  0.54/turn              (no ring)
MPRegen  0.16/turn              j - ring of positive energy

@: drained
A: hooves 1, weak 1, evolution 1
a: Draw Escape, Draw Destruction, Draw Summoning, Triple Draw, Deal Four,
Renounce Religion


You were on level 8 of the Dungeon.
You worshipped Nemelex Xobeh.
Nemelex Xobeh was greatly pleased with you.
You visited 2 branches of the dungeon, and saw 9 of its levels.

You collected 425 gold pieces.

Inventory:

Hand Weapons
 v - a +2 scimitar of electrocution (weapon)
Missiles
 f - 5 javelins
 t - 4 boomerangs of dispersal
 A - 4 boomerangs (quivered)
 B - 26 poisoned darts
Armour
 a - a +0 robe (worn)
 u - a +0 pair of boots (worn)
 G - a scarf of shadows (worn)
 I - a +0 helmet
Jewellery
 j - a ring of positive energy (right hand)
 s - an amulet of regeneration (around neck)
Wands
 c - a wand of digging (2)
 l - a wand of flame (8)
 o - a wand of iceblast (9)
 r - a wand of paralysis (7)
Scrolls
 b - a scroll of enchant weapon
 e - a scroll of remove curse
 g - 2 scrolls of blinking
 n - 2 scrolls of amnesia
 w - a scroll of magic mapping
Potions
 d - a potion of haste {unknown}
 h - 2 potions of brilliance
 i - 2 potions of might
 p - a potion of curing
 z - a potion of berserk rage {unknown}
 D - a potion of magic {unknown}
 H - a potion of resistance {unknown}


   Skills:
 * Level 1.9(1.2) Fighting
   Level 1.0(1.3) Short Blades
 + Level 2.3(1.7) Long Blades
 + Level 1.8(1.2) Throwing
 + Level 3.4(2.7) Dodging
 + Level 3.3(2.6) Stealth
 + Level 6.2(5.4) Spellcasting
 + Level 1.6(0.9) Hexes
 + Level 7.2(6.4) Summonings
 + Level 2.1(1.4) Ice Magic
 * Level 1.5(0.9) Air Magic
 + Level 3.4(2.7) Invocations
 + Level 4.3(3.6) Evocations


You had 2 spell levels left.
You knew the following spells:

 Your Spells              Type           Power        Failure   Level
a - Summon Small Mammal   Summ           ###.         1%          1
b - Call Imp              Summ           ###.....     1%          2
c - Call Canine Familiar  Summ           ###.....     1%          3
d - Summon Guardian Gole  Hex/Summ       ##......     6%          3
e - Summon Ice Beast      Ice/Summ       ##......     19%         4
f - Summon Lightning Spi  Summ/Air       ##......     22%         4

Your spell library contained the following spells:

 Spells                   Type           Power        Failure   Level


Dungeon Overview and Level Annotations

Branches:
Dungeon (8/15)             Temple (1/1) D:4
   Lair: D:8-11

Altars:
Ashenzari
Cheibriados
Dithmenos
Elyvilon
Fedhas
Gozag
Hepliaklqana
Kikubaaqudgha
Makhleb
Nemelex Xobeh
Okawaru
Qazlal
Ru
Sif Muna
Trog
Uskayaw
Vehumet
Wu Jian
Xom
Yredelemnul
Zin
The Shining One


Innate Abilities, Weirdness & Mutations

You have large cloven feet.
You are weak. (Str -2)
You evolve.


Message History

The wight hits you from afar with a +3 spear of freezing.
* * * LOW HITPOINT WARNING * * *
The wight freezes you.
* * * LOW HITPOINT WARNING * * *
You hit the wight.
The wight is heavily damaged.
The wight misses you. x2
You hit the wight.
The wight is severely damaged.
The wight hits you with a +0 scimitar.
* * * LOW HITPOINT WARNING * * *
You partially resist.
You feel drained. The wight misses you. The wight barely misses you.
Unknown command.
You hit the wight.
The wight is almost destroyed.
The wight misses you.
The wight hits you from afar with a +3 spear of freezing.
You die...
Your body glows with a rainbow of weird colours and disappears.

##### ##...## #..#z@#
#...#8# ##..#z####
######### #.......#
#........ #.##.##.#
#........ #.##.##.#
#........
#)##.##.#####........
#)##.##..............
#.##.#######.........


You could see 2 wights and a friendly guardian golem (summoned).

Vanquished Creatures
  A yak (D:7)
  An ice beast (D:5)
  2 bullfrogs (D:6)
  A scorpion (D:7)
  A bullfrog zombie (D:5)
  A hound (D:6)
  A worker ant (D:5)
  A worker ant zombie (D:6)
  An adder (D:5)
  A white imp (D:8)
  A worm (D:7)
  2 leopard geckos (D:5)
  4 orcs
  A bat (D:3)
  A giant cockroach (D:6)
  A goblin (D:3)
  2 quokkas
  A frilled lizard (D:3)
  A jackal skeleton (D:5)
  A leopard gecko zombie (D:7)
  4 rats (D:3)
30 creatures vanquished.

Vanquished Creatures (collateral kills)
  Sigmund (D:2)
  A black bear (D:6)
  A phantom (D:6)
  A swamp drake (D:7)
  2 orc warriors
  A sky beast (D:6)
  2 ogres
  A centaur (D:6)
  5 wights (D:6)
  A quasit (D:5)
  3 orc wizards
  2 orc priests
  A centaur skeleton (D:4)
  Jessica (D:2)
  2 iguanas
  Natasha (twice) (D:4)
  2 worker ants (D:4)
  A hound skeleton (D:2)
  4 gnolls (D:6)
  2 adders
  A shadow imp (D:6)
  An ooze (D:3)
  2 worms
  2 dart slugs
  A leopard gecko (D:2)
  15 orcs
  6 bats
  5 giant cockroaches
  4 goblins (D:2)
  6 hobgoblins (D:1)
  3 jackals (D:4)
  2 quokkas
  3 frilled lizards
  A jackal skeleton (D:5)
  10 kobolds
  17 rats
115 creatures vanquished.

Vanquished Creatures (others)
  3 yaks (D:7)
  An orc warrior (D:8)
  An orc wizard (D:7)
  A leopard gecko (D:7)
  An orc (D:7)
  A rat (D:7)
  A fungus (D:7)
  8 plants
17 creatures vanquished.

Grand Total: 162 creatures vanquished

Notes
Turn   | Place    | Note
-------+----------+-------------------------------------------
     0 | D:1      | mg7810 the Deep Elf Summoner began the quest for the Orb.
     0 | D:1      | Reached XP level 1. HP: 10/10 MP: 6/6
   706 | D:1      | Found a sparkling altar of Nemelex Xobeh.
   718 | D:1      | Became a worshipper of Nemelex Xobeh the Trickster
   900 | D:1      | Reached XP level 2. HP: 15/15 MP: 2/8
   907 | D:1      | Learned a level 2 spell: Call Imp
  1112 | D:1      | Upgraded the game from 0.26-a0-757-g626ac9e51a to
                  | 0.26-a0-771-g060e6a62af
  1728 | D:2      | Upgraded the game from 0.26-a0-771-g060e6a62af to
                  | 0.26-a0-778-g3fe0686644
  2037 | D:2      | Reached skill level 5 in Summonings
  2037 | D:2      | Reached XP level 3. HP: 19/19 MP: 10/10
  2042 | D:2      | Learned a level 3 spell: Call Canine Familiar
  2067 | D:2      | Found a burning altar of Makhleb.
  2070 | D:2      | Noticed Jessica
  2088 | D:2      | Killed Jessica
  2088 | D:2      | Reached skill level 1 in Invocations
  2332 | D:2      | Noticed Sigmund
  2337 | D:2      | Killed Sigmund
  2337 | D:2      | Reached skill level 1 in Throwing
  2337 | D:2      | Reached XP level 4. HP: 24/24 MP: 2/12
  2549 | D:3      | Reached XP level 5. HP: 20/28 MP: 2/13
  2766 | D:3      | Found a hazy altar of Hepliaklqana.
  2825 | D:3      | Reached * piety under Nemelex Xobeh
  2910 | D:3      | Received a gift from Nemelex Xobeh
  2926 | D:3      | Learned a level 3 spell: Summon Guardian Golem
  3053 | D:3      | Found a sacrificial altar of Ru.
  3150 | D:3      | Reached skill level 1 in Short Blades
  3283 | D:3      | Reached skill level 1 in Evocations
  3797 | D:4      | Reached ** piety under Nemelex Xobeh
  3819 | D:4      | Received a gift from Nemelex Xobeh
  3819 | D:4      | Noticed Natasha
  3828 | D:4      | Killed Natasha
  4108 | D:4      | Learned a level 4 spell: Summon Ice Beast
  4171 | D:4      | Found a staircase to the Ecumenical Temple.
  4502 | D:4      | Noticed Natasha
  4516 | D:4      | Killed Natasha
  4516 | D:4      | Reached XP level 6. HP: 32/32 MP: 10/15
  4830 | D:5      | Entered Level 5 of the Dungeon
  4849 | D:5      | Noticed an insubstantial wisp
  4849 | D:5      | Noticed an insubstantial wisp
  4893 | D:5      | Noticed an ice beast
  4902 | D:5      | Killed an ice beast
  4902 | D:5      | Reached skill level 5 in Spellcasting
  5085 | D:5      | Reached *** piety under Nemelex Xobeh
  5182 | D:5      | Received a gift from Nemelex Xobeh
  5220 | D:5      | Reached skill level 6 in Summonings
  5369 | D:5      | Reached skill level 1 in Ice Magic
  5624 | D:6      | Reached skill level 1 in Fighting
  5665 | D:6      | Reached XP level 7. HP: 38/38 MP: 10/16
  5700 | D:6      | Reached skill level 1 in Long Blades
  6109 | D:6      | Reached skill level 1 in Hexes
  6711 | D:6      | Reached **** piety under Nemelex Xobeh
  6828 | D:6      | Reached XP level 8. HP: 43/43 MP: 3/18
  7159 | D:7      | Gained mutation: You are agile. (Dex +2) [potion of
                  | mutation]
  7159 | D:7      | Gained mutation: You tend to lose your temper in combat.
                  | [potion of mutation]
  7159 | D:7      | Gained mutation: You have supernaturally acute eyesight.
                  | (SInv) [potion of mutation]
  7159 | D:7      | Gained mutation: You are partially covered in iridescent
                  | scales. (AC +2) [potion of mutation]
  7167 | D:7      | Reached skill level 7 in Summonings
  7182 | D:7      | Learned a level 4 spell: Summon Lightning Spire
  7338 | D:7      | Found a blossoming altar of Fedhas.
  7342 | D:7      | Found a hide-covered altar of Uskayaw.
  7344 | D:7      | Found a faded altar of an unknown god.
  7346 | D:7      | Found an opulent altar of Gozag.
  7349 | D:7      | Found a faded altar of an unknown god.
  7445 | D:7      | Found a white marble altar of Elyvilon.
  7505 | D:7      | Reached skill level 1 in Air Magic
  7592 | D:7      | Received a gift from Nemelex Xobeh
  7995 | Temple   | Entered the Ecumenical Temple
  8169 | D:8      | Found an iron altar of Okawaru.
  8321 | D:8      | Lost mutation: You are agile. (Dex +2) [potion of mutation]
  8321 | D:8      | Lost mutation: You tend to lose your temper in combat.
                  | [potion of mutation]
  8321 | D:8      | Lost mutation: You have supernaturally acute eyesight.
                  | (SInv) [potion of mutation]
  8321 | D:8      | Lost mutation: You are partially covered in iridescent
                  | scales. (AC +2) [potion of mutation]
  8321 | D:8      | Gained mutation: You have a pair of small antennae on your
                  | head. [potion of mutation]
  8321 | D:8      | Gained mutation: Armour fits poorly on your strangely
                  | shaped body. [potion of mutation]
  8321 | D:8      | Gained mutation: You have large cloven feet. [potion of
                  | mutation]
  8333 | D:8      | Lost mutation: You have a pair of small antennae on your
                  | head. [potion of mutation]
  8333 | D:8      | Lost mutation: Armour fits poorly on your strangely shaped
                  | body. [potion of mutation]
  8333 | D:8      | Gained mutation: You are weak. (Str -2) [potion of
                  | mutation]
  8333 | D:8      | Gained mutation: You evolve. [potion of mutation]
  8453 | D:8      | Slain by a wight

Illustrated notes

Levels and vault maps discovered:
D:1:      wander_arrival_lonely_grave, layout_basic, serial_bayou_pond_a,
          nemelex_altar_shiori
D:2:      layout_rooms, lemuel_doored_altar, uniq_jessica, uniq_sigmund
D:3:      layout_rooms, overflow_temple_1_default,
          nicolae_overflow_hidden_temple, minmay_rat_hole
D:4:      layout_gridville, minmay_temple_entry_gardened_gates, uniq_natasha
D:5:      layout_basic
D:6:      layout_loops_corners
D:7:      layout_rooms, elyvilon_altar_1, chequers_temple_overflow_minitemple
D:8:      layout_rooms, lemuel_crystal_altar
Temple:   zaba_magenta_temple

Skill      XL: |  1  2  3  4  5  6  7  8 |
---------------+-------------------------+-----
Summonings     | 5 6 7 |  7.2
Invocations    | 1 2 3 |  3.4
Throwing       | 1 |  1.8
Spellcasting   | 4 5 6 |  6.2
Short Blades   | 1 |  1.0
Evocations     | 1 2 4 |  4.3
Stealth        | 3 |  3.3
Ice Magic      | 1 2 |  2.1
Fighting       | 1 |  1.9
Long Blades    | 1 2 |  2.3
Hexes          | 1 |  1.6
Dodging        | 3 |  3.4
Air Magic      | 1 |  1.5

Action                   |  1- 3 |  4- 6 |  7- 9 || total
-------------------------+-------+-------+-------++-------
Melee: Unarmed           |     3 |       |       ||     3
       Dagger            |       |     5 |       ||     5
       Short sword       |       |    27 |       ||    27
       Scimitar          |       |    23 |    49 ||    72
Throw: Boomerang         |       |       |     7 ||     7
 Cast: Summon Small Mamm |    44 |       |       ||    44
       Call Imp          |    22 |    15 |     7 ||    44
       Call Canine Famil |     3 |    18 |    26 ||    47
       Summon Guardian G |       |    12 |    29 ||    41
       Summon Ice Beast  |       |       |     1 ||     1
Invok: Draw Destruction  |       |     2 |     2 ||     4
       Draw Summoning    |       |     2 |       ||     2
  Use: Scroll            |     3 |     5 |     8 ||    16
       Potion            |       |     4 |     9 ||    13
 Stab: Sleeping          |       |     3 |     1 ||     4
Armor: Robe              |     2 |    20 |    10 ||    32
       Skin              |       |    16 |       ||    16
Dodge: Dodged            |    21 |    93 |    64 ||   178
       Rpst.: Scimitar   |       |     5 |    20 ||    25

Table legend: (Time is in decaauts)
 A = Elapsed time spent in this place.
 B = Non-inter-level travel time spent in this place.
 C = Inter-level travel time spent in this place.
 D = Time resting spent in this place.
 E = Time spent auto-exploring this place.
 F = Levels seen in this place.
 G = Mean time per level.
                   A        B        C        D        E       F      G
               +--------+--------+--------+--------+--------+-----+--------+
         Total |   8500 |   8069 |    431 |      0 |   5926 |   9 |  944.4 |
       Dungeon |   8404 |   7973 |    431 |      0 |   5866 |   8 | 1050.5 |
        Temple |     95 |     95 |      0 |      0 |     60 |   1 |   95.0 |
               +--------+--------+--------+--------+--------+-----+--------+

Top non-repeatable levels by time:
     D:6: 1595 daAuts
     D:1: 1556 daAuts
     D:4: 1352 daAuts
     D:3: 1037 daAuts
     D:2: 979 daAuts
     D:7: 818 daAuts
     D:5: 776 daAuts
     D:8: 287 daAuts
  Temple: 95 daAuts
